 Dungeon Crawl Stone Soup version 0.30-a0-930-gb9d0489357 (webtiles) character file.

Game seed: 15939905572262009140

11539 fozzywoppz the Cleaver (level 11, 0/94 HPs)
             Began as a Minotaur Fighter on Mar 23, 2023.
             Was a High Priest of Okawaru.
             Slain by a hornet (9 damage)
             ... while paralysed by a hornet
             ... on level 10 of the Dungeon.
             The game lasted 00:20:37 (9886 turns).

fozzywoppz the Cleaver (Minotaur Fighter)           Turns: 9886, Time: 00:20:38

Health: 0/94       AC: 18    Str: 25    XL:     11   Next: 50%
Magic:  13/18      EV:  2    Int:  5    God:    Okawaru [*****.]
Gold:   492        SH:  0    Dex: 10    Spells: 10/10 levels left

rFire   . . .      SeeInvis .    a - +1 war axe (spect)
rCold   . . .      Faith    .    P - +0 kite shield
rNeg    . . .      Spirit   .    z - +1 plate armour {Will+}
rPois   .          Reflect  .    R - +2 hat
rElec   .          Rampage  .    (no cloak)
rCorr   .                        (no gloves)
Will    +....                    (no boots) Stlth
                                 K - amulet of regeneration
HPRegen 1.15/turn                N - +4 ring of slaying
MPRegen 0.16/turn                (no ring)

@: paralysed, lethally poisoned (0 -> 0), heroic, finesse-ful
A: horns 2, retaliatory headbutt
a: Renounce Religion, Heroism, Finesse, Duel


You were on level 10 of the Dungeon.
You worshipped Okawaru.
Okawaru was extremely pleased with you.
You visited 2 branches of the dungeon, and saw 11 of its levels.

You collected 602 gold pieces.
You spent 110 gold pieces at shops.

Inventory:

Hand Weapons
 a - a +1 spectral war axe (weapon)
 F - the +11 whip of Gumikad {heavy, Str+3}
   (You found it on level 5 of the Dungeon)

   Str:       It affects your strength (+3).
Missiles
 h - 2 boomerangs (quivered)
 C - 2 throwing nets
Armour
 z - a +1 plate armour of willpower (worn)
 P - a +0 kite shield (worn)
 R - a +2 hat (worn)
Jewellery
 K - an amulet of regeneration (around neck)
 N - a +4 ring of slaying (left hand)
 Q - an amulet of faith
Wands
 b - a wand of mindburst (8)
 t - a wand of charming (25)
 u - a wand of quicksilver (28)
 B - a wand of flame (28)
 O - a wand of roots (6)
Scrolls
 c - a scroll of identify
 i - a scroll of noise {unknown}
 j - a scroll of vulnerability
 k - 3 scrolls of poison
 m - a scroll of enchant armour
 q - a scroll of fog {unknown}
 r - a scroll of teleportation
 s - 3 scrolls of enchant weapon
 v - a scroll of fear {unknown}
 x - a scroll of torment
 y - a scroll of brand weapon
 I - 2 scrolls of immolation {unknown}
 M - 2 scrolls of magic mapping
Potions
 d - 2 potions of might
 e - 2 potions of magic
 f - a potion of invisibility
 g - 3 potions of lignification
 l - 3 potions of brilliance
 n - a potion of degeneration {unknown}
 o - 2 potions of heal wounds
 p - a potion of attraction {unknown}
 w - a potion of resistance {unknown}
 A - a potion of ambrosia {unknown}
 D - a potion of mutation {unknown}
 E - 2 potions of haste
 G - 4 potions of curing
 H - 2 potions of berserk rage
 J - a potion of cancellation {unknown}
 L - 2 potions of flight {unknown}


   Skills:
 - Level 8.0(13.0) Fighting
 + Level 14.1(19.1) Axes
 - Level 8.0(13.0) Armour
 - Level 6.0(11.0) Shields
 + Level 10.8 Invocations


You had 10 spell levels left.
You didn't know any spells.
Your spell library contained the following spells:

 Spells                   Type           Power      Damage    Failure   Level
 Magic Dart               Conj           0%         1d3       100%        1
 Cigotuvi's Dreadful Rot  Necr/Pois/Air  0%         N/A       100%        2
 Poisonous Vapours        Pois/Air       0%         N/A       100%        2
 Static Discharge         Conj/Air       0%         2-2/arc   100%        2
 Gell's Gravitas          Tloc           0%         N/A       100%        3
 Mephitic Cloud           Conj/Pois/Air  0%         N/A       100%        3
 Portal Projectile        Hex/Tloc       0%         N/A       100%        3
 Teleport Other           Tloc           0%         N/A       100%        3
 Vhi's Electric Charge    Tloc/Air       0%         N/A       100%        3
 Anguish                  Hex/Necr       0%         N/A       100%        4
 Leda's Liquefaction      Hex/Erth       0%         N/A       100%        4
 Passage of Golubria      Tloc           0%         N/A       100%        4
 Arcjolt                  Conj/Air       0%         1d10      100%        5
 Lee's Rapid Deconstruct  Erth           0%         3d4*      100%        5
 Plasma Beam              Fire/Air       0%         2x1d11    100%        5
 Yara's Violent Unravell  Hex/Tmut       0%         3d3       100%        5
 Dispersal                Tloc           0%         N/A       100%        6
 Statue Form              Tmut/Erth      0%         N/A       100%        6
 Enfeeble                 Hex            0%         N/A       100%        7
 Call Imp                 Summ           Unusable   N/A       N/A         2
 Call Canine Familiar     Summ           Unusable   N/A       N/A         3
 Tukima's Dance           Hex            Unusable   N/A       N/A         3

Dungeon Overview and Level Annotations

Branches:
Dungeon (10/15)            Temple (1/1) D:4            Lair (0/5) D:8
    Orc: D:9-12

Altars:
Ashenzari
Cheibriados
Dithmenos
Elyvilon
Fedhas
Gozag
Hepliaklqana
Kikubaaqudgha
Makhleb
Okawaru
Qazlal
Ru
Sif Muna
Trog
Uskayaw
Vehumet
Wu Jian
Xom
Yredelemnul
Zin
The Shining One

Shops:
D:4 !?   D:8 *


Innate Abilities, Weirdness & Mutations

You have a pair of horns on your head.
You reflexively headbutt those who attack you in melee.


Message History

The vampire mosquito is heavily damaged.
You hit something but do no damage. The vampire mosquito bites you.
* * * LOW HITPOINT WARNING * * *
The vampire mosquito draws strength from your injuries!
You miss the vampire mosquito. You headbutt the vampire mosquito.
The vampire mosquito is severely damaged.
You slice something!! Okawaru accepts your kill.
Reactivating autopickup.
You feel a bit more experienced.
The vampire mosquito bites you but does no damage.
You miss the vampire mosquito. You headbutt the vampire mosquito.
The vampire mosquito is almost destroyed.
You closely miss the killer bee. The killer bee barely misses you.
You furiously retaliate!
You headbutt the killer bee!
The vampire mosquito bites you but does no damage.
Unknown command.
You slash the vampire mosquito!
You destroy the vampire mosquito!
Okawaru accepts your kill.
You slash the killer bee!
You kill the killer bee!
Okawaru accepts your kill.
You hit the hornet.
The hornet is lightly wounded.
You slash the hornet! Your headbutt misses the hornet.
The hornet is heavily wounded.
The hornet closely misses you. You furiously retaliate!
You headbutt the hornet! You hit the hornet.
The hornet is severely wounded.
The hornet stings you.
* * * LOW HITPOINT WARNING * * *
You are poisoned.
You suddenly lose the ability to move!
You feel sick. The hornet stings you.
* * * LOW HITPOINT WARNING * * *
You shrug off the repeated paralysis!
You feel sick. The hornet stings you!
You die...

.#.#..# #........#
#.#.#.#
##........#####
......#
..............#
#+#####
+#########'#####.#
#.# #...#†#...#.#
... #.#.....#.#.#
#.#.#.##..##.##..#.#
......)##.#.#.#.##.#
#@...#.#...'.#
......y##.#.#.#.##.#
#.#.#.##..##.##..#.#
... #.#.....#.#.#
#.# #...#.#...#.#
#'# #####+#####.#
#.. ..# .. ###


You could see a hornet.

Vanquished Creatures
  A centaur warrior (D:10)
  4 two-headed ogres (D:10)
  Pikel (D:6)
  A gargoyle (D:10)
  3 hornets
  2 trolls
  A shadow (D:10)
  Sigmund (D:5)
  2 wraiths (D:10)
  A vampire (D:10)
  Eustachio (D:4)
  2 wyverns
  2 yaks (D:10)
  3 steam dragons
  2 vampire mosquitoes (D:10)
  An acid dragon (D:9)
  3 water moccasins
  4 black bears
  2 orc warriors
  2 ogres
  2 wolves (D:8)
  6 centaurs
  A phantom (D:6)
  A lemure (D:6)
  4 bullfrogs
  2 kobold brigands
  3 scorpions
  3 gnoll sergeants
  8 killer bees
  6 electric eels
  3 howler monkeys
  A jelly (D:6)
  9 orc priests
  8 hounds
  4 sleepcaps
  3 iguanas
  15 orc wizards
  A statue (D:3)
  15 gnolls
  6 adders
  A shadow imp (D:7)
  2 white imps
  An ufetubus (D:5)
  2 worms
  3 dart slugs (D:2)
  31 orcs
  7 ball pythons
  5 endoplasms
  3 giant cockroaches
  10 goblins
  4 hobgoblins
  7 jackals
  2 quokkas
  5 bats
  3 frilled lizards
  16 kobolds
  7 rats
249 creatures vanquished.

Notes
Turn   | Place    | Note
-------+----------+-------------------------------------------
     0 | D:1      | fozzywoppz the Minotaur Fighter began the quest for the
                  | Orb.
     0 | D:1      | Reached XP level 1. HP: 19/19 MP: 0/0
   129 | D:1      | Reached XP level 2. HP: 27/27 MP: 1/1
   787 | D:2      | Reached skill level 3 in Axes
   822 | D:2      | Reached XP level 3. HP: 30/33 MP: 2/2
   976 | D:2      | You fall into a shaft and drop 2 floors!
  1305 | D:3      | Found a radiant altar of Vehumet.
  1309 | D:3      | Noticed a frost-covered statue
  1498 | D:3      | Reached XP level 4. HP: 8/41 MP: 3/3
  1697 | D:3      | Found a shimmering blue altar of Sif Muna.
  1819 | D:3      | Reached XP level 5. HP: 42/47 MP: 4/4
  2113 | D:2      | Reached skill level 4 in Axes
  2592 | D:4      | Found a staircase to the Ecumenical Temple.
  2592 | D:4      | Found Oschuff's Distillery.
  2609 | Temple   | Entered the Ecumenical Temple
  2701 | Temple   | Became a worshipper of Warmaster Okawaru
  2712 | D:4      | Found Niwul's Magic Scroll Boutique.
  2713 | D:4      | Noticed Eustachio
  2734 | D:4      | Killed Eustachio
  2735 | D:4      | Reached skill level 5 in Fighting
  2735 | D:4      | Reached skill level 5 in Armour
  2735 | D:4      | Reached skill level 5 in Shields
  2735 | D:4      | Reached XP level 6. HP: 18/56 MP: 5/5
  3407 | D:4      | Bought 2 potions of heal wounds for 110 gold pieces
  3433 | D:5      | Entered Level 5 of the Dungeon
  3479 | D:5      | Found a broken altar of Ashenzari.
  3521 | D:5      | Reached skill level 5 in Axes
  3521 | D:5      | Reached XP level 7. HP: 37/62 MP: 6/6
  3820 | D:5      | Reached * piety under Okawaru
  4059 | D:5      | Noticed Sigmund
  4064 | D:5      | Killed Sigmund
  4065 | D:5      | Reached skill level 6 in Axes
  4100 | D:5      | Reached XP level 8. HP: 65/71 MP: 7/7
  4427 | D:5      | Reached skill level 1 in Invocations
  4428 | D:5      | Reached ** piety under Okawaru
  4719 | D:5      | Identified the +11 whip of Gumikad {heavy, Str+3}
  5479 | D:6      | Noticed Pikel
  5495 | D:6      | Killed Pikel
  5496 | D:6      | Reached skill level 7 in Axes
  5509 | D:6      | Reached XP level 9. HP: 38/81 MP: 10/10
  5513 | D:6      | Reached *** piety under Okawaru
  5654 | D:6      | Reached skill level 8 in Axes
  6037 | D:6      | Reached skill level 5 in Invocations
  6043 | D:6      | Reached skill level 9 in Axes
  6956 | D:7      | Reached **** piety under Okawaru
  7245 | D:7      | Reached skill level 10 in Axes
  7642 | D:8      | Found Loerghoih's Elemental Accessories.
  7713 | D:8      | Found an ornate altar of the Wu Jian Council.
  7747 | D:8      | Noticed a troll
  7780 | D:8      | Reached XP level 10. HP: 61/88 MP: 12/14
  7791 | D:8      | HP: 1/88 [electric eel/bolt of electricity (6)]
  7855 | D:8      | Found a hide-covered altar of Uskayaw.
  7904 | D:8      | Reached skill level 11 in Axes
  7928 | D:8      | Found a staircase to the Lair.
  8681 | D:8      | Identified the +3 leather armour of the Turtle {+Inv Dex+2}
  8846 | D:9      | Reached ***** piety under Okawaru
  9197 | D:9      | Reached skill level 12 in Axes
  9408 | D:10     | Entered Level 10 of the Dungeon
  9485 | D:10     | Noticed a two-headed ogre
  9492 | D:10     | Killed a two-headed ogre
  9570 | D:10     | Noticed a two-headed ogre
  9572 | D:10     | Paralysed by a hornet for 1 turns
  9573 | D:10     | Received a gift from Okawaru
  9576 | D:10     | Killed a two-headed ogre
  9577 | D:10     | Noticed a centaur warrior
  9580 | D:10     | Noticed a gargoyle
  9581 | D:10     | Reached XP level 11. HP: 11/94 MP: 15/17
  9612 | D:10     | Killed a centaur warrior
  9612 | D:10     | Received a gift from Okawaru
  9613 | D:10     | Reached skill level 13 in Axes
  9705 | D:10     | Reached skill level 10 in Invocations
  9730 | D:10     | Received a gift from Okawaru
  9845 | D:10     | Noticed a two-headed ogre
  9845 | D:10     | Noticed a two-headed ogre
  9866 | D:10     | Killed a two-headed ogre
  9871 | D:10     | Killed a two-headed ogre
  9872 | D:10     | Reached skill level 14 in Axes
  9884 | D:10     | Paralysed by a hornet for 3 turns
  9886 | D:10     | Slain by a hornet

Illustrated notes

Levels and vault maps discovered:
D:1:      amcnicky_arrival_gap_in_the_tavern_cellar, layout_basic,
          corexii_item_surrounded_by_moat
D:2:      layout_loops_cross
D:3:      layout_loops_ring, nicolae_sif_muna_little_library, vehumet_statue,
          hellmonk_no_cap
D:4:      layout_gridville, minmay_temple_entry_statues, serial_shops,
          nicolae_square_shop, nicolae_inconvenience_store, patterned_corridor,
          uniq_eustachio
D:5:      layout_layer_cave, nicolae_ashenzari_panopticon,
          dreamdust_princess_bridge, kennysheep_generic_room_16, uniq_sigmund
D:6:      cheibrodos_helix_gallery, layout_cave_pools, uniq_pikel
D:7:      layout_basic, minivault_5, minmay_misc_feat_tower
D:8:      layout_basic, overflow_temple_1_default, old_standard_altar,
          erik_lair_island, nicolae_elemental_shop
D:9:      layout_basic, hangedman_decor_opposing
D:10:     minmay_the_grid_net [minmay_the_grid_gridbox,
          minmay_the_grid_outer_diamond, minmay_the_grid_odd_star,
          minmay_the_grid_small_cups, minmay_the_grid_minigrid_small_alt,
          minmay_the_grid_prize_shrinking_boxes], layout_gridville,
          mainiacjoe_overflow_alcove_1, ebering_ghost_inner_flame
Temple:   kb_temple_of_zot

Skill      XL: |  1  2  3  4  5  6  7  8  9 10 11 |
---------------+----------------------------------+-----
Fighting       | 4 5 6 8 |  8.0
Armour         | 4 5 6 8 |  8.0
Shields        | 4 5 6 |  6.0
Axes           | 3 4 5 6 7 10 12 14 | 14.1
Invocations    | 3 6 9 10 | 10.8

Action                     |  1- 3 |  4- 6 |  7- 9 | 10-12 || total
---------------------------+-------+-------+-------+-------++-------
  Melee: War axe           |    96 |   118 |   216 |   174 ||   604
         Headbutt          |    16 |    13 |    42 |    36 ||   107
  Throw: Boomerang         |       |       |       |     1 ||     1
 Invoke: Heroism           |       |       |     1 |     2 ||     3
         Finesse           |       |       |       |     2 ||     2
    Use: Scroll            |       |     5 |     7 |     5 ||    17
         Potion            |       |       |     3 |     4 ||     7
 Armour: Scale mail        |    43 |    59 |       |       ||   102
         Plate armour      |       |       |   181 |    90 ||   271
  Dodge: Dodged            |    50 |    48 |    78 |    56 ||   232
  Block: Buckler           |    20 |    26 |    79 |    13 ||   138
         Kite shield       |       |       |       |    50 ||    50

Table legend: (Time is in decaauts)
 A = Elapsed time spent in this place.
 B = Non-inter-level travel time spent in this place.
 C = Inter-level travel time spent in this place.
 D = Time resting spent in this place.
 E = Time spent auto-exploring this place.
 F = Levels seen in this place.
 G = Mean time per level.
                   A        B        C        D        E       F      G
               +--------+--------+--------+--------+--------+-----+--------+
         Total |  10000 |   9565 |    435 |    312 |   6979 |  11 |  909.1 |
       Dungeon |   9903 |   9472 |    431 |    312 |   6968 |  10 |  990.3 |
        Temple |     96 |     92 |      4 |      0 |     11 |   1 |   96.0 |
               +--------+--------+--------+--------+--------+-----+--------+

Top non-repeatable levels by time:
     D:5: 1822 daAuts
     D:6: 1119 daAuts
     D:7: 1092 daAuts
     D:8: 1076 daAuts
     D:3: 1076 daAuts
     D:4: 1025 daAuts
     D:2: 780 daAuts
     D:1: 779 daAuts
     D:9: 674 daAuts
    D:10: 458 daAuts
  Temple: 96 daAuts
